 Dungeon Crawl Stone Soup version 0.26.0-10-g1f06aea511 (webtiles) character file.

Game seed: 10259096441950903304

64 Borgoz the Covered (level 4, -12/31 HPs)
             Began as a Halfling Fighter on Jan 17, 2021.
             Mangled by an ogre
             ... wielding a +0 giant club
              (17 damage)
             ... on level 2 of the Dungeon.
             The game lasted 00:01:19 (906 turns).

Borgoz the Covered (Halfling Fighter)                Turns: 906, Time: 00:01:20

Health: -12/31     AC:  7    Str: 17    XL:     4   Next: 32%
Magic:  4/4        EV:  9    Int:  6    God:
Gold:   102        SH:  9    Dex: 14    Spells: 3/3 levels left

rFire    . . .     SeeInvis .   a - +0 long sword
rCold    . . .     Faith    .   c - +0 kite shield
rNeg     . . .     Spirit   .   b - +0 scale mail
rPois    .         Reflect  .   (no helmet)
rElec    .         Harm     .   (no cloak)
rCorr    .         Rampage  .   (no gloves)
Will     .....                  (no boots)
Stlth    ..........             (no amulet)
HPRegen  0.10/turn              (no ring)
MPRegen  0.09/turn              (no ring)

@: no status effects
A: small, mutation resistance 1
a: no special abilities


You were on level 2 of the Dungeon.
You visited 1 branch of the dungeon, and saw 2 of its levels.

You collected 102 gold pieces.

Inventory:

Hand Weapons
 a - a +0 long sword (weapon)
Armour
 b - a +0 scale mail (worn)
 c - a +0 kite shield (worn)
Scrolls
 e - 2 scrolls of identify {unknown}
 h - 2 scrolls of random uselessness {unknown}
 j - a scroll of enchant weapon {unknown}
 k - a scroll of noise {unknown}
 l - a scroll of fog {unknown}
Potions
 d - 3 potions of might
 f - a potion of curing {unknown}
 g - a potion of heal wounds {unknown}
 i - a potion of brilliance {unknown}


   Skills:
 + Level 3.0 Fighting
 * Level 3.0 Long Blades
 + Level 3.7 Armour
 + Level 1.3 Dodging
 + Level 3.7 Shields


You had 3 spell levels left.
You didn't know any spells.
Your spell library was empty.

Dungeon Overview and Level Annotations

Branches:
Dungeon (2/15)

Altars:


Innate Abilities, Weirdness & Mutations

You are small and have problems with some larger weapons.
You are somewhat resistant to further mutation.


Message History

You slash the ogre!
The ogre is heavily wounded.
You block the ogre's attack. You block the kobold's attack.
The kobold hits you with a +0 short sword.
You hit the ogre but do no damage.
The ogre is heavily wounded.
You block the ogre's attack. You block the kobold's attack. x2
The kobold barely misses you.
You barely miss the ogre.
The ogre is heavily wounded.
You block the kobold's attack.
The ogre hits you with a +0 giant club!!
Ouch! That really hurt!
* * * LOW HITPOINT WARNING * * *
The kobold hits you but does no damage. x2
You hit the ogre.
The ogre is heavily wounded.
The ogre hits you with a +0 giant club!
Ouch! That really hurt!
You die...

#.......#######........##..
#...............#....####..
#>......#########.... ###
#.......## ###...
.<.......# #. ###..#.#.#
#..#...# ### ....###.##K.#
#.# #..K@..#
#.........O.......
##.###.#....#### #
........# .###....... ..
......>.# # #.........
#.......##


You could see an ogre and 2 kobolds.

Vanquished Creatures
  2 adders (D:2)
  2 dart slugs (D:1)
  3 leopard geckos
  2 giant cockroaches (D:1)
  2 goblins (D:1)
  3 hobgoblins
  2 ball pythons (D:2)
  10 bats
  3 frilled lizards
  6 kobolds
  5 rats
40 creatures vanquished.

Notes
Turn   | Place    | Note
-------+----------+-------------------------------------------
     0 | D:1      | Borgoz the Halfling Fighter began the quest for the Orb.
     0 | D:1      | Reached XP level 1. HP: 15/15 MP: 1/1
   154 | D:1      | Reached XP level 2. HP: 18/20 MP: 2/2
   359 | D:1      | Reached XP level 3. HP: 13/25 MP: 3/3
   605 | D:1      | Reached skill level 1 in Dodging
   725 | D:2      | Reached XP level 4. HP: 27/31 MP: 4/4
   896 | D:2      | Noticed an ogre
   906 | D:2      | Mangled by an ogre

Illustrated notes

Levels and vault maps discovered:
D:1:      minmay_arrival_solitary_statue, layout_basic
D:2:      layout_rooms, cheibriados_altar_1, uniq_terence

Skill      XL: |  1  2  3  4 |
---------------+-------------+-----
Dodging        | 1 |  1.3
Fighting       | 3 |  3.0
Long Blades    | 3 |  3.0
Armour         | |  3.7
Shields        | |  3.7

Action                   |  1- 3 |  4- 6 || total
-------------------------+-------+-------++-------
Melee: Long sword        |    84 |    43 ||   127
Armor: Scale mail        |    48 |    30 ||    78
Dodge: Dodged            |    53 |    33 ||    86
Block: Kite shield       |    70 |    46 ||   116
       Rpst.: Long sword |    14 |    13 ||    27
